 Dungeon Crawl Stone Soup version 0.16-a0-2098-gf8c960b (webtiles) character file.

116 Psiweapon the Twirler (level 5, -2/32 HPs)
             Began as a Gargoyle Gladiator on Nov 12, 2014.
             Slain by an ogre
             ... wielding a +0 giant club
              (25 damage)
             ... on level 3 of the Dungeon.
             The game lasted 00:06:22 (1792 turns).

Psiweapon the Twirler (Gargoyle Gladiator)          Turns: 1792, Time: 00:06:22

Health: -2/32      AC:  8    Str: 19    XL:     5   Next: 0%
Magic:  5/5        EV: 11    Int:  9    God:
Gold:   101        SH:  0    Dex: 10    Spells: 0 memorised, 4 levels left

rFire  . . .     SeeInvis .     a - +0 quarterstaff
rCold  . . .     Clarity  .     r - +0 leather armour
rNeg   + . .     SustAb   .     (no shield)
rPois  +         Gourm    .     c - +0 helmet
rElec  +         Spirit   .     (no cloak)
rCorr  .         Warding  .     (no gloves)
rMut   .         Stasis   .     (no boots)
MR     .....                    (no amulet)
Stlth  +.........               (no ring)
                                (no ring)

@: not resistant to hostile enchantments, very unstealthy
A: negative energy resistance 1, electricity resistance, unbreathing,
petrification resistance, rot immunity, AC +4
a: no special abilities


You were on level 3 of the Dungeon.
You were not hungry.

You visited 1 branch of the dungeon, and saw 3 of its levels.

You collected 101 gold pieces.

Inventory:

Hand weapons
 a - a +0 quarterstaff (weapon)
 b - a +0 hunting sling
 k - a +1 short sword of speed
Missiles
 g - 13 poisoned sling bullets
Armour
 c - a +0 helmet (worn)
 m - a +0 chain mail
 r - a +0 leather armour (worn)
Scrolls
 h - a scroll of teleportation {unknown}
 l - 3 scrolls of magic mapping {unknown}
 n - 3 scrolls of identify {unknown}
 o - 3 scrolls of remove curse {unknown}
 s - a scroll of amnesia {unknown}
Potions
 e - 2 potions of curing {unknown}
 i - 3 potions of invisibility {unknown}
 j - a potion of might {unknown}
Comestibles
 f - 4 bread rations
 p - a beef jerky
 q - 4 chunks of flesh


   Skills:
 + Level 3.1 Fighting
 - Level 5.0 Staves
 - Level 2.0 Throwing
 - Level 2.4 Dodging


You had 4 spell levels left.
You didn't know any spells.

Dungeon Overview and Level Annotations

Branches:
Dungeon (3/15)

Altars:
Fedhas
Nemelex Xobeh


Innate Abilities, Weirdness & Mutations

You are resistant to torment.
You are immune to poison.
Your stone body is very resilient (AC +4).
You resist negative energy.
You are resistant to electric shocks.
You can survive without breathing.
You are immune to petrification.
You are immune to rotting.


Message History

The bat hits you but does no damage.
The ogre struggles against the net.
The orc closely misses you.
You hit the ogre.
The ogre is moderately wounded.
The bat hits you but does no damage.
The ogre struggles against the net.
The orc hits you but does no damage.
You hit the ogre.
The ogre is heavily wounded.
The bat barely misses you.
The ogre struggles against the net.
The orc hits you but does no damage.
You hit the ogre.
The ogre is severely wounded.
The bat hits you but does no damage.
The ogre struggles against the net.
The net rips apart, and the ogre comes free!
The orc closely misses you. The orc hits you but does no damage.
You hit the ogre but do no damage.
The ogre is severely wounded.
The orc closely misses you. The ogre hits you with a giant club!!
Ouch! That really hurt!
You die...

.....####.... ..#...(......
............
#################..........
.....#.#........##..........
.#####.#........##..o..o....
...........#.#...#..........
...........#.#...#.bO......
.>...........#..@#...o.)...
.............#.Ooo.########
.............#...b....#
.##........###........###..
.#.#####.......##..........
..# ##..###.##........... .#
##.....####†#....... .
..#..................
...................###


You could see an ogre, 2 orcs and a bat.

Vanquished Creatures
  An orc wizard (D:3)
  Jessica (D:2)
  An adder (D:3)
  A gnoll (D:1)
  2 worms (D:3)
  A ball python (D:1)
  4 giant cockroaches
  8 hobgoblins
  3 jackals (D:3)
  A quokka (D:2)
  5 bats
  A giant newt (D:2)
  4 goblins
  6 kobolds
  A rat (D:2)
40 creatures vanquished.

Vanquished Creatures (others)
  4 toadstools (D:1)
4 creatures vanquished.

Grand Total: 44 creatures vanquished

Notes
Turn   | Place    | Note
--------------------------------------------------------------
     0 | D:1      | Psiweapon, the Gargoyle Gladiator, began the quest for the Orb.
     0 | D:1      | Reached XP level 1. HP: 12/12 MP: 1/1
    61 | D:1      | Reached XP level 2. HP: 9/17 MP: 2/2
   333 | D:1      | Reached skill level 4 in Staves
   372 | D:1      | Reached XP level 3. HP: 13/21 MP: 3/3
   866 | D:2      | Noticed Jessica
   871 | D:2      | Killed Jessica
   965 | D:2      | Found a sparkling altar of Nemelex Xobeh.
  1244 | D:2      | Found a blossoming altar of Fedhas.
  1472 | D:2      | Reached XP level 4. HP: 24/26 MP: 4/4
  1574 | D:3      | Reached skill level 5 in Staves
  1772 | D:3      | Noticed an ogre
  1786 | D:3      | Reached XP level 5. HP: 24/32 MP: 5/5
  1792 | D:3      | Slain by an ogre

Action                   |  1- 3 |  4- 6 || total
-------------------------+-------+-------++-------
Melee: Quarterstaff      |    85 |    66 ||   151
 Fire: Hunting sling     |     1 |       ||     1
Throw: Throwing net      |       |     5 ||     5
 Stab: Held in net/web   |       |     2 ||     2
  Eat: Chunk             |     1 |     2 ||     3
